 Dungeon Crawl Stone Soup version 0.25-a0-292-gaa31f04 (webtiles) character file.

Game seed: 7513790621938834464, levelgen mode: deterministic

3659 15 the Ducker (level 10, -2/70 HPs)
             Began as a Merfolk Ice Elementalist on Dec 15, 2019.
             Was a Believer of Sif Muna.
             Slain by a hornet zombie (3 damage)
             ... on level 7 of the Dungeon on Dec 16, 2019.
             The game lasted 00:54:15 (7645 turns).

15 the Ducker (Merfolk Ice Elementalist)            Turns: 7645, Time: 00:54:16

Health: -2/70      AC: 14    Str: 10    XL:     10   Next: 12%
Magic:  9/17       EV: 18    Int: 17    God:    Sif Muna [**....]
Gold:   450        SH:  0    Dex: 19    Spells: 7/19 levels left

rFire    . . .     SeeInvis .   h - +0 scythe
rCold    . . .     Gourm    .   (shield currently unavailable)
rNeg     . . .     Faith    .   o - +2 robe {MR+}
rPois    .         Spirit   .   (no helmet)
rElec    .         Reflect  .   F - +1 cloak
rCorr    .         Harm     .   x - +0 pair of gloves
MR       ++...                  t - +0 pair of boots
Stlth    +++.......             (no amulet)
HPRegen  0.21/turn              i - ring of protection from magic
MPRegen  0.15/turn              f - +5 ring of dexterity

@: icy armour
A: change form in water, swift swim, stealthy swim
a: Channel Magic, Renounce Religion


You were on level 7 of the Dungeon.
You worshipped Sif Muna.
Sif Muna was pleased with you.
You were not hungry.

You visited 2 branches of the dungeon, and saw 8 of its levels.
You also visited: Sewer.

You collected 450 gold pieces.

Inventory:

Hand Weapons
 g - a +1 short sword of speed
 h - a +0 scythe (weapon)
 s - a +4 flail of protection
 y - a +0 scimitar of slicing
Armour
 l - a +2 robe of positive energy
 o - a +2 robe of magic resistance (worn)
 t - a +0 pair of boots (worn)
 x - a +0 pair of gloves (worn)
 F - a +1 cloak (worn)
Jewellery
 b - an uncursed ring of flight
 f - a +5 ring of dexterity (right hand)
 i - a ring of protection from magic (left hand)
 j - a +3 ring of dexterity
 w - an uncursed ring of poison resistance
 A - a cursed ring of attention {unknown}
Wands
 q - a wand of flame (32)
 C - a wand of random effects (26)
Scrolls
 a - a scroll of enchant weapon
 k - 2 scrolls of enchant armour
 n - 3 scrolls of fog
 p - a scroll of fear
 v - a scroll of remove curse
 B - 4 scrolls of teleportation
Potions
 d - 4 potions of curing
 e - 2 potions of heal wounds
 m - a potion of degeneration {unknown}
 r - 6 potions of flight
 z - a potion of brilliance {unknown}
 D - 3 potions of might
 E - a potion of lignification {unknown}
Comestibles
 c - 11 rations
 u - 4 chunks of flesh


   Skills:
 + Level 3.6 Fighting
 - Level 1.3 Short Blades
 + Level 4.2 Polearms
 * Level 7.5 Dodging
 + Level 5.1 Stealth
 * Level 5.1 Spellcasting
 * Level 3.4 Conjurations
 + Level 3.4 Charms
 * Level 4.5 Summonings
 + Level 6.5 Ice Magic
 * Level 1.8 Invocations
 + Level 4.9 Evocations


You had 7 spell levels left.
You knew the following spells:

 Your Spells              Type           Power        Failure   Level  Hunger
a - Freeze                Ice            ####         1%          1    None
b - Ozocubu's Armour      Chrm/Ice       ###.....     5%          3    ###....
c - Summon Ice Beast      Ice/Summ       ###.....     14%         4    ####...
d - Hailstorm             Conj/Ice       ###.....     19%         4    ####...

Your spell library contained the following spells:

 Spells                   Type           Power        Failure   Level  Hunger


Dungeon Overview and Level Annotations

Branches:
Dungeon (7/15)             Temple (1/1) D:5           Sewer (visited)

Altars:
Ashenzari
Cheibriados
Dithmenos
Elyvilon
Gozag
Hepliaklqana
Kikubaaqudgha
Makhleb
Nemelex Xobeh
Okawaru
Qazlal
Ru
Sif Muna
Trog
Uskayaw
Wu Jian
Xom
Yredelemnul
Zin
The Shining One


Message History

The orc closely misses you. The hornet zombie barely misses you.
The orc hits you but does no damage. The orc misses you.
The hornet zombie completely misses you.
You closely miss the hornet zombie.
The hornet zombie is heavily damaged.
The hornet zombie closely misses you. The orc barely misses you. x2
The hornet zombie hits you! The orc closely misses you. x2
You barely miss the hornet zombie.
The hornet zombie is heavily damaged.
The hornet zombie hits you!
* * * LOW HITPOINT WARNING * * *
The orc hits you but does no damage.
The hornet zombie hits you but does no damage.
The orc misses you. The orc completely misses you.
As you read the scroll of fear, it crumbles to dust.
You assume a fearsome visage.
The hornet zombie is unaffected.
The orc looks frightened! x2; The hornet zombie hits you!
* * * LOW HITPOINT WARNING * * *
The hornet zombie hits you.
You die...

#.# #.# #.##############
###[..##.........######.#.
..'...+..........).oHo.>o.
.##...##.#.....#.#......Z.
.##.####.#.##.##.#.####.#.
.#.......#.##.##Z#.. .#
.#.......#.##.##@######.#
.#.......#.##.##........
##.......#.##.#.o.o...#.
##.#.....#.##.#.#.....#
##.#.....#.##.#.#.#<..#.#
...#.....#.#....#.......#
...+.....'....#......##.#
####.....#.#..#...).......
..)...####.#..#)#######.###


You could see 2 orcs and a hornet zombie.

Vanquished Creatures
  Pikel (D:5)
  A hippogriff (D:7)
  Sigmund (D:3)
  Eustachio (D:6)
  Edmund (D:5)
  Duvessa (D:5)
  A slave (D:5)
  2 ice beasts (D:6)
  Purgy (Sewer)
  3 orc warriors
  2 black bears (D:6)
  A centaur (D:6)
  A big kobold (D:7)
  3 bullfrogs
  Dowan (D:5)
  2 scorpions (D:6)
  A howler monkey (D:4)
  2 crimson imps (D:6)
  A bullfrog zombie (D:7)
  7 orc priests
  Crazy Yiuf (D:6)
  4 hounds
  2 iguanas
  Jessica (D:3)
  Ijyb (D:3)
  8 orc wizards
  4 worker ants
  A hound zombie (D:5)
  A hound skeleton (D:3)
  13 adders
  2 shadow imps (D:5)
  2 adder skeletons
  2 worms
  A dart slug (D:3)
  3 leopard geckos
  23 orcs
  3 ball pythons (Sewer)
  3 giant cockroaches
  9 goblins
  7 hobgoblins
  6 jackals
  9 bats
  9 frilled lizards
  14 kobolds
  A leopard gecko zombie (D:5)
  2 quokka skeletons
  8 rats
174 creatures vanquished.

Vanquished Creatures (collateral kills)
  2 ogres (D:7)
  3 orc wizards (D:7)
  An orc (D:7)
6 creatures vanquished.

Grand Total: 180 creatures vanquished

Notes
Turn   | Place    | Note
-------+----------+-------------------------------------------
     0 | D:1      | 15 the Merfolk Ice Elementalist began the quest for the
                  | Orb.
     0 | D:1      | Reached XP level 1. HP: 13/13 MP: 3/3
   416 | D:1      | Reached XP level 2. HP: 17/19 MP: 0/5
   717 | D:1      | Reached skill level 3 in Dodging
   818 | D:1      | Reached XP level 3. HP: 18/24 MP: 4/6
   896 | D:1      | Learned a level 3 spell: Ozocubu's Armour
  1469 | D:2      | Reached skill level 1 in Evocations
  1678 | D:2      | Found a stormy altar of Qazlal.
  1680 | D:2      | Noticed an air elemental
  1681 | D:2      | Noticed a water elemental
  1681 | D:2      | Noticed a fire elemental
  1681 | D:2      | Noticed an earth elemental
  2054 | D:3      | Reached XP level 4. HP: 31/31 MP: 5/7
  2166 | D:3      | Noticed Ijyb
  2187 | D:3      | Reached skill level 1 in Fighting
  2570 | D:3      | Killed Ijyb
  2570 | D:3      | Reached skill level 5 in Ice Magic
  2765 | D:3      | Reached XP level 5. HP: 27/37 MP: 6/9
  2772 | D:3      | Upgraded the game from 0.25-a0-290-g4a1327e to
                  | 0.25-a0-292-gaa31f04
  2840 | D:3      | Learned a level 4 spell: Summon Ice Beast
  3068 | D:3      | Noticed Jessica
  3076 | D:3      | Killed Jessica
  3076 | D:3      | Reached skill level 1 in Charms
  3350 | D:3      | Noticed Sigmund
  3371 | D:3      | Killed Sigmund
  3371 | D:3      | Reached skill level 1 in Short Blades
  3371 | D:3      | Reached skill level 4 in Dodging
  3371 | D:3      | Reached skill level 1 in Summonings
  3371 | D:3      | Reached XP level 6. HP: 37/44 MP: 1/10
  3638 | D:4      | Found a glowing golden altar of the Shining One.
  3689 | D:4      | Reached XP level 7. HP: 42/49 MP: 5/11
  3695 | D:4      | Learned a level 4 spell: Hailstorm
  3730 | D:4      | Found a snail-covered altar of Cheibriados.
  3731 | D:4      | Found an opulent altar of Gozag.
  3978 | D:5      | Entered Level 5 of the Dungeon
  3978 | D:5      | Noticed Edmund
  3989 | D:5      | Killed Edmund
  3989 | D:5      | Reached skill level 1 in Polearms
  4001 | D:5      | Found an opulent altar of Gozag.
  4356 | D:5      | Found a staircase to the Ecumenical Temple.
  4368 | Temple   | Entered the Ecumenical Temple
  4525 | Temple   | Became a worshipper of Sif Muna the Loreminder
  4652 | D:5      | Noticed Duvessa
  4654 | D:5      | Noticed Dowan
  4678 | D:5      | Killed Duvessa
  4678 | D:5      | Reached skill level 5 in Dodging
  4678 | D:5      | Reached skill level 1 in Conjurations
  4678 | D:5      | Killed Dowan
  4678 | D:5      | Reached XP level 8. HP: 29/56 MP: 8/13
  5083 | D:5      | Reached * piety under Sif Muna
  5352 | D:5      | Noticed Pikel
  5377 | D:5      | Killed Pikel
  5377 | D:5      | Reached skill level 6 in Dodging
  5377 | D:5      | Reached XP level 9. HP: 21/62 MP: 8/15
  5925 | D:6      | Noticed Eustachio
  5939 | D:6      | Killed Eustachio
  6072 | D:6      | Reached ** piety under Sif Muna
  6142 | D:6      | Found a glowing drain.
  6159 | D:6      | Reached skill level 7 in Dodging
  6172 | Sewer    | Entered a sewer
  6271 | Sewer    | Noticed Purgy
  6351 | Sewer    | Killed Purgy
  6614 | D:6      | Found a runed translucent door.
  6615 | D:6      | Noticed Crazy Yiuf
  6737 | D:6      | Reached skill level 5 in Stealth
  6842 | D:6      | Killed Crazy Yiuf
  7125 | D:7      | Found a shattered altar of Ashenzari.
  7191 | D:7      | Reached skill level 1 in Invocations
  7209 | D:7      | Reached skill level 5 in Spellcasting
  7211 | D:7      | Reached XP level 10. HP: 39/70 MP: 6/17
  7645 | D:7      | HP: 1/70 [hornet zombie (10)]
  7645 | D:7      | Slain by a hornet zombie

Levels and vault maps discovered:
D:1:      dpeg_arrival_rooms_c, layout_loops_ring
D:2:      kennysheep_big_flooded_room, layout_basic,
          nicolae_qazlal_style_of_elements, first_ration
D:3:      layout_loops_ring, serial_glass, glass_columns_c, glass_columns_c,
          guppyfry_early_orc_mine, uniq_sigmund, uniq_ijyb, uniq_jessica
D:4:      layout_rooms, chequers_temple_overflow_statue_of_worship,
          tso_metal_star
D:5:      layout_cave_pods, minmay_temple_entry_mist, minmay_misc_feat_enclosed,
          hangedman_decor_clover_reticule, nicolae_gozag_seed_capital,
          uniq_pikel, uniq_edmund, uniq_duvessa
D:6:      minmay_octagon_keep, layout_loops_ring, gup_sewer_entry_glass,
          st_stairs_13, kennysheep_generic_room_15, uniq_eustachio,
          uniq_crazy_yiuf_cottage
D:7:      layout_basic, basic_altar
Temple:   lightli_temple_of_artemis

Skill      XL: |  1  2  3  4  5  6  7  8  9 |
---------------+----------------------------+-----
Dodging        | 3 4 5 6 7 |  7.5
Evocations     | 1 2 3 4 |  4.9
Fighting       | 1 2 3 |  3.6
Ice Magic      | 5 6 |  6.5
Stealth        | 3 4 5 |  5.1
Charms         | 1 2 3 |  3.4
Short Blades   | 1 |  1.3
Spellcasting   | 3 4 5 |  5.1
Summonings     | 1 2 3 4 |  4.5
Polearms       | 1 3 4 |  4.2
Conjurations   | 1 2 3 |  3.4
Invocations    | 1 |  1.8

Action                   |  1- 3 |  4- 6 |  7- 9 | 10-12 || total
-------------------------+-------+-------+-------+-------++-------
Melee: Club              |    24 |       |       |       ||    24
       Mace              |    33 |    17 |       |       ||    50
       Short sword       |       |    54 |       |       ||    54
       Scythe            |       |     2 |   189 |    39 ||   230
       Tailslap          |       |       |     1 |       ||     1
 Cast: Freeze            |    47 |    66 |    74 |    10 ||   197
       Ozocubu's Armour  |       |       |     4 |     1 ||     5
       Summon Ice Beast  |       |       |     2 |     2 ||     4
       Hailstorm         |       |       |       |     2 ||     2
Evoke: Wand              |       |       |    26 |       ||    26
  Use: Scroll            |     1 |     8 |     6 |     2 ||    17
       Potion            |     1 |     4 |     3 |       ||     8
 Stab: Sleeping          |     6 |     3 |     9 |     1 ||    19
       Paralysed         |       |       |    31 |       ||    31
  Eat: Chunk             |     4 |     6 |     9 |     2 ||    21
       Ration            |       |       |     1 |       ||     1
Armor: Robe              |    23 |     7 |    58 |    24 ||   112
Dodge: Dodged            |    76 |    68 |   247 |    67 ||   458

Table legend:
 A = Non-vault XP
 B = Vault XP
 C = Vault XP percentage of total XP
 D = Non-vault monster count
 E = Vault monster count
 F = Vault count percentage of total count
                 A         B        C        D         E       F
            +---------+---------+-------+---------+---------+-------
      Total |    3097 |    2131 |  40.8 |     140 |      39 |  21.8
            +---------+---------+-------+---------+---------+-------
        D:1 |      46 |       0 |   0.0 |      29 |       0 |   0.0
        D:2 |      14 |      19 |  57.6 |      10 |       2 |  16.7
        D:3 |     145 |     327 |  69.3 |      24 |      10 |  29.4
        D:4 |     255 |       0 |   0.0 |       7 |       0 |   0.0
        D:5 |     622 |    1027 |  62.3 |      28 |       4 |  12.5
        D:6 |    1040 |     617 |  37.2 |      16 |      15 |  48.4
        D:7 |     975 |       0 |   0.0 |      26 |       0 |   0.0
      Sewer |       0 |     141 | 100.0 |       0 |       8 | 100.0
            +---------+---------+-------+---------+---------+-------
